 Dungeon Crawl Stone Soup version 0.28.0-45-g0d030f2227 (webtiles) character file.

Game seed: 4429904593813386943

128 MisterFreud the Skirmisher (level 4, -1/58 HPs)
             Began as a Palentonga Fighter on Apr 1, 2022.
             Killed from afar by Sigmund (3 damage)
             ... with a puff of flame
             ... on level 4 of the Dungeon.
             The game lasted 00:02:43 (2874 turns).

MisterFreud the Skirmisher (Palentonga Fighter)     Turns: 2874, Time: 00:02:44

Health: -1/58      AC:  6    Str: 22    XL:     4   Next: 86%
Magic:  4/4        EV:  7    Int: 14    God:
Gold:   143        SH:  4    Dex:  9    Spells: 3/3 levels left

rFire   . . .      SeeInvis +   a - +0 flail
rCold   . . .      Faith    .   c - +0 buckler
rNeg    . . .      Spirit   .   b - +0 scale mail
rPois   .          Reflect  .   (no helmet)
rElec   .          Harm     .   (no cloak)
rCorr   .          Rampage  .   (no gloves)
Will    .....                   (no barding)
Stlth   ..........              (no amulet)
HPRegen 0.19/turn               f - +6 ring of intelligence
MPRegen 0.09/turn               (no ring)

@: berserking, very quick
A: large, rugged brown scales 3, see invisible, deformed body, roll 1, armoured
tail
a: Rolling Charge


You were on level 4 of the Dungeon.
You visited 1 branch of the dungeon, and saw 4 of its levels.

You collected 143 gold pieces.

Inventory:

Hand Weapons
 a - a +0 flail (weapon)
Missiles
 e - 9 poisoned darts (quivered)
 g - 2 boomerangs
Armour
 b - a +0 scale mail (worn)
 c - a +0 buckler (worn)
Jewellery
 f - a +6 ring of intelligence (left hand)
Wands
 r - a wand of paralysis (8)
Scrolls
 h - a scroll of fear {unknown}
 j - a scroll of amnesia {unknown}
 k - a scroll of blinking {unknown}
 l - 2 scrolls of enchant armour {unknown}
 q - a scroll of noise {unknown}
Potions
 d - a potion of might
 m - a potion of berserk rage
 n - a potion of curing
 o - a potion of heal wounds {unknown}
 p - a potion of attraction {unknown}


   Skills:
 + Level 3.8 Fighting
 + Level 3.0 Maces & Flails
 + Level 3.1 Armour
 + Level 3.1 Shields


You had 3 spell levels left.
You didn't know any spells.
Your spell library was empty.

Dungeon Overview and Level Annotations

Branches:
Dungeon (4/15)
 Temple: D:4-7

Altars:
Uskayaw

Shops:
D:1 [

Annotations:
D:4 1 runed translucent door, Crazy Yiuf, Sigmund


Innate Abilities, Weirdness & Mutations

You are completely covered in rugged brown scales. (AC +3, +7% HP)
You have supernaturally acute eyesight. (SInv)
Armour fits poorly on your strangely shaped body.
You can roll at nearby foes to attack.
You have a long armoured tail.


Message History

Sigmund casts a spell at you. The puff of flame hits you!
You sock Sigmund!
Sigmund is moderately wounded.
Sigmund points at you and mumbles some strange words.
The puff of flame hits you!
You closely miss Sigmund.
Sigmund is moderately wounded.
Sigmund closely misses you.
You barely miss Sigmund.
Sigmund is moderately wounded.
Sigmund gestures at you while chanting. The puff of flame misses you.
Sigmund gestures at you while chanting. The magic dart hits you.
You barely miss Sigmund.
Sigmund is moderately wounded.
Sigmund hits you with a +0 scythe.
You closely miss Sigmund.
Sigmund is moderately wounded.
Sigmund barely misses you.
You barely miss Sigmund.
Your tail-slap misses Sigmund.
Sigmund is moderately wounded.
Sigmund hits you with a +0 scythe!
* * * LOW HITPOINT WARNING * * *
You closely miss Sigmund.
Sigmund is moderately wounded.
A red film seems to cover your vision as you go berserk!
You feel yourself moving faster!
You feel mighty! You block Sigmund's attack.
You barely miss Sigmund.
Sigmund is moderately wounded.
Sigmund hits you with a +0 scythe.
* * * LOW HITPOINT WARNING * * *
You hit Sigmund.
Sigmund is moderately wounded.
You closely miss Sigmund.
Your tail-slap misses Sigmund.
Sigmund is moderately wounded.
Sigmund points at you and mumbles some strange words.
The puff of flame hits you.
You die...

##..## ##...## ##..##
###..### #..## ##...##
#### ###..#### ##....#
###..### ### ##....#
....########### #......
.......@@.....#####......
#........................
#######..................
######.......######
#####...# ###.# #..##♣♣
#.....♣♣ #......♣♣


You could see Sigmund (invisible).

Vanquished Creatures
  An orc priest (D:4)
  An adder (D:2)
  2 worms
  4 dart slugs
  3 orcs (D:4)
  4 bats
  5 endoplasms
  4 giant cockroaches
  8 goblins
  11 hobgoblins
  2 jackals (D:3)
  2 kobolds
  4 quokkas
  2 ball pythons
  3 frilled lizards
  7 rats
63 creatures vanquished.

Notes
Turn   | Place    | Note
-------+----------+-------------------------------------------
     0 | D:1      | MisterFreud the Palentonga Fighter began the quest for the
                  | Orb.
     0 | D:1      | Reached XP level 1. HP: 19/19 MP: 1/1
   513 | D:1      | Reached XP level 2. HP: 25/25 MP: 2/2
   705 | D:1      | Found a faded altar of an unknown god.
   769 | D:1      | Found Sapa's Antique Armour Boutique.
  1037 | D:2      | Reached XP level 3. HP: 26/31 MP: 3/3
  1828 | D:3      | Reached XP level 4. HP: 32/37 MP: 4/4
  2039 | D:3      | Found a hide-covered altar of Uskayaw.
  2444 | D:4      | Found Naegac's Distillery.
  2833 | D:4      | Found a runed translucent door.
  2834 | D:4      | Noticed Crazy Yiuf
  2855 | D:4      | Noticed Sigmund
  2872 | D:4      | HP: 2/58 [Sigmund/+0 scythe (6)]
  2874 | D:4      | Killed from afar by Sigmund

Illustrated notes

Levels and vault maps discovered:
D:1:      dpeg_arrival_windows_large_door, layout_basic, serial_shops, shop,
          chequers_ecumenical_altar_island
D:2:      layout_loops_ring
D:3:      layout_rooms, mainiacjoe_overflow_alcove_4
D:4:      layout_cave_pods, serial_shops, shop, abandoned_shop,
          minmay_misc_feat_columns, uniq_crazy_yiuf_cottage, uniq_sigmund

Skill      XL: |  1  2  3  4 |
---------------+-------------+-----
Armour         | 3 |  3.1
Shields        | 3 |  3.1
Maces & Flails | 3 |  3.0
Fighting       | |  3.8

Action                   |  1- 3 |  4- 6 || total
-------------------------+-------+-------++-------
Melee: Flail             |   101 |    63 ||   164
       Tailslap          |     7 |     3 ||    10
Throw: Dart              |     1 |     1 ||     2
 Abil: Rolling Charge    |     6 |     9 ||    15
  Use: Scroll            |       |     2 ||     2
       Potion            |       |     1 ||     1
Armor: Scale mail        |    58 |    25 ||    83
Dodge: Dodged            |    37 |    28 ||    65
Block: Buckler           |    15 |    13 ||    28
